 Dungeon Crawl Stone Soup version 0.29.1-12-g30fa7ad0bf (webtiles) character file.

Game seed: 1906421553298267262

63 Morynth the Poker (level 4, -1/33 HPs)
             Began as a Merfolk Monk on Dec 22, 2022.
             Was a Believer of Hepliaklqana.
             Splashed by a jelly's acid (4 damage)
             ... on level 2 of the Dungeon.
             The game lasted 00:04:05 (1347 turns).

Morynth the Poker (Merfolk Monk)                    Turns: 1347, Time: 00:04:05

Health: -1/33      AC:  0    Str: 13    XL:     4   Next: 10%
Magic:  4/4        EV: 13    Int:  9    God:    Hepliaklqana [**....]
Gold:   66         SH:  0    Dex: 16    Spells: 3/3 levels left

rFire   . . .      SeeInvis .   a - +0 spear
rCold   . . .      Faith    .   (no shield)
rNeg    . . .      Spirit   .   f - +0 leather armour
rPois   .          Reflect  .   (no helmet)
rElec   .          Harm     .   (no cloak)
rCorr   .          Rampage  .   (no gloves)
Will    .....                   (no boots)
Stlth   ++........              (no amulet)
HPRegen 0.11/turn               (no ring)
MPRegen 0.09/turn               (no ring)

@: corroded, hasted, very quick
A: reduced essence, (nimble swimmer 2), mertail
a: Renounce Religion, Recall Ancestor, Ancestor Identity


You were on level 2 of the Dungeon.
You worshipped Hepliaklqana.
Hepliaklqana was pleased with you.
You visited 1 branch of the dungeon, and saw 2 of its levels.

You collected 66 gold pieces.

Inventory:

Hand Weapons
 a - a +0 spear (weapon)
Missiles
 i - 34 stones (quivered)
Armour
 f - a +0 leather armour (worn)
 h - a +0 ring mail
Scrolls
 d - 3 scrolls of identify {unknown}
 e - 2 scrolls of teleportation {unknown}
 n - a scroll of poison {unknown}
 o - a scroll of noise {unknown}
Potions
 b - a potion of haste
 g - a potion of flight {unknown}
 j - a potion of brilliance {unknown}
 k - a potion of mutation {unknown}
 l - a potion of degeneration {unknown}
 m - a potion of invisibility {unknown}


   Skills:
 + Level 3.8 Fighting
 + Level 5.1 Polearms
 + Level 0.5 Armour
 + Level 4.6 Dodging
 + Level 2.5 Stealth


You had 3 spell levels left.
You didn't know any spells.
Your spell library contained the following spells:

 Spells                   Type           Power      Damage    Failure   Level
 Apportation              Tloc           0%         N/A       45%         1
 Necrotise                Necr           0%         1d4       45%         1
 Summon Small Mammal      Summ           0%         N/A       45%         1
 Animate Dead             Necr           0%         N/A       99%         4
 Borgnjor's Vile Clutch   Necr/Erth      0%         N/A       100%        5
 Death Channel            Necr           0%         N/A       100%        6


Dungeon Overview and Level Annotations

Branches:
Dungeon (1/15)

Altars:
Hepliaklqana


Innate Abilities, Weirdness & Mutations

Your life essence is reduced to manifest your ancestor. (-10% HP)
((You are very nimble when in or above water. (Stealth+, EV+, Speed+++)))
Your lower body shifts to a powerful aquatic tail in water.


Message History

You bump into the rock wall.
You hit the jelly.
You kill the jelly!
Your Polearms skill increases to level 5!
You have reached level 4!
You closely miss the endoplasm. The endoplasm freezes you.
You are frozen.
You're too confused to move!
You bump into the rock wall.
You barely miss the jelly. The jelly completely misses you.
You hit the jelly.
Your hands burn!
The jelly is moderately wounded.
The jelly barely misses you.
You're too confused to move!
The jelly misses you.
You're too confused to move!
The jelly hits you but does no damage.
You hit the jelly but do no damage.
Your hands burn!
The jelly is moderately wounded.
You feel less invigorated.
You feel less confused. The jelly hits you. The acid corrodes you!
You are splashed with acid!
You hit the jelly.
Your hands burn!
The jelly is heavily wounded.
You hit the jelly but do no damage.
Your hands burn!
The jelly is heavily wounded.
The jelly misses you.
You completely miss the jelly.
The jelly is heavily wounded.
The jelly closely misses you.
You hit the jelly but do no damage.
Your hands burn!
The jelly is heavily wounded.
The jelly hits you.
You are splashed with acid!
* * * LOW HITPOINT WARNING * * *
It was a potion of haste.
You feel yourself speed up. The jelly closely misses you.
You puncture the jelly!
Your hands burn!
* * * LOW HITPOINT WARNING * * *
The jelly is almost dead.
You hit the jelly but do no damage.
Your hands burn!
You die...

.....#..#....###..)..###.# #.
.....#.##....##.[.....##.#######.
.....#.##....##.......##.......+.
.......##....##.......##..######†
....[.###....##....R..##....# #..
....>...+...###....######.#.# #.#
.....####...# #....'..###.#.# #.#
...........## ########.##.#.###.#
#'#..###...# ##@)....###.#.....#
#.#..# #...# #J####### #.#######
#.#..# #...#


#JJJJ÷P.J. #........ #.#..# #...# #.JJJJP÷.. ######### #.#..###...# #.......P.
#.#........# #......... #.#...###..# #.÷JP...÷. #.#........# #......÷.!
#.##..##...############ You could see a jelly and 3 endoplasms.

Vanquished Creatures
  A jelly (D:2)
  3 endoplasms
  A giant cockroach (D:1)
  4 hobgoblins
  6 ball pythons
  3 bats
  A frilled lizard (D:2)
  2 goblins (D:1)
  5 kobolds
  2 rats (D:2)
28 creatures vanquished.

Vanquished Creatures (collateral kills)
  3 kobolds (D:2)
3 creatures vanquished.

Vanquished Creatures (others)
  A battlemage (D:2)
  4 fungi (D:2)
  7 toadstools (D:2)
12 creatures vanquished.

Grand Total: 43 creatures vanquished

Notes
Turn   | Place    | Note
-------+----------+-------------------------------------------
     0 | D:1      | Morynth the Merfolk Monk began the quest for the Orb.
     0 | D:1      | Reached XP level 1. HP: 18/18 MP: 1/1
   392 | D:1      | Reached XP level 2. HP: 23/24 MP: 2/2
   793 | D:1      | You fall into a shaft and drop 1 floor!
  1149 | D:2      | Reached XP level 3. HP: 29/29 MP: 3/3
  1203 | D:2      | Found a hazy altar of Hepliaklqana.
  1214 | D:2      | Became a worshipper of Hepliaklqana the Forgotten
  1214 | D:2      | Reached * piety under Hepliaklqana
  1214 | D:2      | Reached ** piety under Hepliaklqana
  1215 | D:2      | Remembered your ancestor Matia as a battlemage
  1328 | D:2      | HP: 1/27 [frozen (1)]
  1333 | D:2      | Reached skill level 5 in Polearms
  1333 | D:2      | Reached XP level 4. HP: 14/33 MP: 4/4
  1347 | D:2      | Splashed by a jelly's acid

Illustrated notes

Levels and vault maps discovered:
D:1:      lemuel_arrival_tunnels, layout_loops_ring
D:2:      cheibrodos_fertilizer, layout_basic, basic_altar,
          nicolae_ecumenical_oubliette

Skill      XL: |  1  2  3 |
---------------+----------+-----
Polearms       | 5 |  5.1
Fighting       | |  3.8
Armour         | |  0.5
Dodging        | |  4.6
Stealth        | |  2.5

Action                   |  1- 3 |  4- 6 || total
-------------------------+-------+-------++-------
Melee: Spear             |    97 |    10 ||   107
Invok: Ancestor Life: Ba |     1 |       ||     1
  Use: Potion            |     1 |     1 ||     2
 Stab: Sleeping          |     4 |       ||     4
Armor: Leather armour    |    11 |     1 ||    12
       Robe              |     1 |       ||     1
Dodge: Dodged            |    41 |     6 ||    47
